Map: Old Estate

Players

Babayaga

  • Race: Terran Terran
  • League: Bronze
  • Spawn Location: 7:00

drago

  • Race: Terran Terran
  • League: Silver
  • Spawn Location: 7:00

BigBearHBz

  • Race: Zerg Zerg
  • League: Silver
  • Spawn Location: 9:00

Infamous

  • Race: Protoss Protoss
  • League: Bronze
  • Spawn Location: 7:00

PauloCS

  • Race: Protoss Protoss
  • Spawn Location: 1:00

Berserk

  • Race: Terran Terran
  • Spawn Location: 3:00

fatiador

  • Race: Zerg Zerg
  • Spawn Location: 1:00

dgman

  • Race: Terran Terran
  • Spawn Location: 3:00

VOD

Have the link to the VOD?

Description

Time

  • Played on: March 7, 2018, 12:29 p.m.
  • Length: 18:17
Show
View Real Time Build Order
Export as new Build Order

Babayaga Terran 

Build Orders:  

Get SALT Encoding   

  12  0:03  SCV  
  13  0:45  Command Center  
  13  2:02  SCV  
  13  2:08  SCV  
  15  2:14  SCV  
  16  2:20  SCV  
  16  2:21  Command Center  
  17  2:26  SCV  
  17  2:27  Supply Depot  
  18  2:32  SCV  
  19  2:38  SCV  
  20  2:44  SCV  
  20  2:50  Supply Depot, SCV  
  22  2:56  SCV  
  23  3:02  SCV  
  24  3:26  SCV  
  25  3:38  SCV  
  26  3:41  Supply Depot  
  26  3:50  SCV  
  26  3:51  SCV  
  26  3:54  Engineering Bay  
  28  4:02  SCV  
  29  4:03  Supply Depot  
  29  4:04  SCV  
  29  4:09  Refinery  
  30  4:11  Refinery  
  30  4:12  SCV  
  30  4:14  SCV  
  30  4:16  SCV  
  33  4:21  Engineering Bay  
  33  4:24  SCV  
  33  4:26  Supply Depot  
  33  4:27  Barracks, SCV, Refinery  
  33  4:28  SCV  
  33  4:30  Refinery  
  36  4:36  SCV  
  37  4:39  Missile Turret, SCV  
  37  4:40  SCV  
  39  4:48  SCV  
  39  4:49  Supply Depot  
  40  5:00  SCV  
  40  5:05  Barracks  
  41  5:11  Supply Depot  
  41  5:15  Barracks  
  41  5:21  Barracks  
  41  5:34  Supply Depot  
  41  5:40  Missile Turret  
  41  5:41  Missile Turret  
  41  5:42  Missile Turret  
  41  5:44  Missile Turret x2  
  41  5:59  Barracks  
  41  6:02  Terran Infantry Weapons Level 1, Terran Infantry Armor Level 1  
  41  6:03  Barracks  
  41  6:10  Barracks  
  41  6:20  Barracks Tech Lab  
  41  6:21  Barracks Reactor  
  41  6:29  Orbital Command  
  41  6:31  Orbital Command  
  41  6:34  Orbital Command  
  41  6:48  Barracks  
  41  7:27  Barracks Reactor  
  41  7:28  Barracks Reactor x4  
  41  7:57  Refinery  
  41  7:59  Refinery  
  41  8:06  Barracks Reactor  
  41  8:11  Factory  
  41  9:10  Marine x6  
  41  9:11  Marine x5  
  41  9:12  Marine x4  
  56  9:25  Factory Tech Lab  
  56  9:27  Marine  
  56  9:28  Marine x6  
  56  9:29  Marine x5  
  56  9:30  Marine x3  
  71  9:31  Starport  
  71  9:45  Marine x2  
  71  9:46  Marine x6  
  71  9:47  Marine x5  
  71  9:48  Marine x2  
  86  9:55  Armory  
  86  10:03  Marine x3  
  86  10:04  Marine x6  
  86  10:05  Marine x5  
  86  10:06  Marine  
  101  10:08  Starport, Combat Shields  
  101  10:14  Starport Tech Lab  
  101  10:23  Marine  
  102  10:38  Supply Depot  
  102  10:42  Armory  
  102  10:59  Marine x3  
  102  11:00  Marine x5, Supply Depot  
  102  11:01  Marine x5  
  102  11:02  Marine x2  
  117  11:17  Marine x4  
  117  11:18  Marine x5, Starport Tech Lab  
  122  11:19  Marine x5  
  122  11:20  Marine  
  122  11:23  Supply Depot  
  132  11:30  Armory  
  132  11:32  Terran Infantry Armor Level 2, Terran Infantry Weapons Level 2  
  132  11:35  Marine x4  
  132  11:36  Marine x6  
  132  11:37  Marine x5  
  147  11:48  Medivac  
  147  11:49  Medivac  
  147  11:53  Marine x5  
  147  11:54  Marine x4  
  157  11:57  Marine x5  
  157  11:58  Marine  
  166  12:10  Marine  
  166  12:11  Marine x3  
  170  12:18  Medivac  
  170  12:19  Medivac  
  174  12:39  Command Center  
  174  12:48  Medivac  
  174  12:49  Medivac  
  178  12:51  Marine x2  
  178  12:52  Marine x6  
  178  12:53  Marine x5  
  178  12:54  Marine  
  192  13:18  Medivac x2  
  196  13:48  Raven x2  
  200  14:03  Starport  
  200  14:05  Starport  
  200  14:08  Starport  
  200  14:41  Orbital Command  
  200  14:43  Starport  
  200  14:44  Starport  
  200  14:50  Starport Tech Lab x3  
  200  15:24  Terran Ship Weapons Level 1, Terran Vehicle And Ship Armor Level 1, Terran Vehicle Weapons Level 1  
  200  15:25  Terran Infantry Weapons Level 3  
  200  15:26  Terran Infantry Armor Level 3  
  101  16:21  Medivac x2  
  105  16:27  Marine  
  105  16:28  Marine x5  
  105  16:29  Marine x6  
  105  16:30  Marine x3  
  120  16:45  Marine x2  
  120  16:46  Marine x5  
  120  16:47  Marine x6  
  127  16:48  Marine x2  
  127  16:51  Medivac x2  
  139  17:03  Marine x3  
  139  17:04  Marine x5  
  139  17:05  Marine x6  
  139  17:06  Marine  
  154  17:21  Marine x4, Raven x2  
  154  17:22  Marine x5  
  166  17:23  Marine x6  
  171  17:39  Marine x5  
  171  17:40  Marine x6  
  171  17:41  Marine x4  
  181  17:57  Marine x6  
  181  17:58  Marine x6  
  189  17:59  Marine  
Show
View Real Time Build Order
Export as new Build Order

drago Terran 

Build Orders:  

Get SALT Encoding   

  12  0:08  SCV  
  13  0:19  Supply Depot  
  13  0:20  SCV  
  14  0:32  SCV  
  15  0:45  SCV  
  16  0:54  Barracks  
  16  0:59  Barracks  
  16  1:00  SCV  
  17  1:04  Refinery  
  17  1:12  Refinery  
  17  1:18  SCV  
  18  1:30  SCV  
  19  1:42  Barracks Tech Lab  
  19  1:47  Barracks Reactor  
  19  1:53  Supply Depot  
  19  1:54  SCV  
  20  2:07  Reaper, SCV  
  22  2:15  Stimpack  
  22  2:19  SCV  
  22  2:21  Supply Depot  
  23  2:24  Reaper  
  24  2:33  Reaper  
  25  2:41  Orbital Command  
  25  2:43  Reaper  
  26  3:02  Factory  
  26  3:04  Marine  
  26  3:05  Marine  
  27  3:12  SCV  
  29  3:15  Marine  
  30  3:22  Marine  
  30  3:23  Marine  
  30  3:24  SCV  
  33  3:33  Marine  
  34  3:36  SCV  
  34  3:40  Marine  
  36  3:47  Armory  
  36  3:54  Supply Depot  
  36  4:21  Marine x3  
  38  4:37  Command Center  
  35  5:24  Marine  
  35  5:25  Marine x2  
  35  5:26  Factory Tech Lab  
  38  5:51  SCV  
  38  5:56  SCV  
  38  5:57  Refinery  
  40  6:03  SCV  
  41  6:05  Terran Ship Weapons Level 1  
  41  6:06  Starport  
  41  6:08  SCV  
  42  6:16  SCV  
  43  6:20  SCV  
  44  6:28  SCV  
  44  6:32  SCV  
  46  6:36  Supply Depot  
  46  6:40  SCV  
  46  6:44  SCV  
  48  6:49  Starport  
  48  6:52  SCV, Thor  
  55  6:56  SCV  
  56  7:02  Engineering Bay  
  56  7:05  Refinery  
  56  7:07  SCV  
  57  7:08  SCV  
  58  7:19  SCV  
  59  7:26  Starport  
  59  7:31  SCV  
  60  7:37  SCV  
  60  7:43  SCV  
  62  7:44  Sensor Tower  
  62  7:49  Starport, SCV  
  63  7:52  Viking x2  
  63  7:55  SCV  
  68  8:01  SCV  
  68  8:02  Starport  
  69  8:09  Missile Turret  
  69  8:13  SCV  
  69  8:19  Supply Depot  
  70  8:21  Supply Depot  
  70  8:25  Fusion Core  
  70  8:30  Missile Turret  
  70  8:40  SCV, Viking  
  73  8:42  Thor  
  73  8:48  Supply Depot  
  79  8:50  Supply Depot  
  79  8:51  Command Center, Viking  
  81  9:08  SCV  
  82  9:17  Supply Depot  
  82  9:19  Starport Tech Lab x3  
  82  9:20  Supply Depot, SCV  
  83  9:24  Starport Tech Lab  
  83  9:25  Starport Tech Lab, Thor  
  89  9:32  SCV  
  90  9:44  SCV  
  91  9:50  Sensor Tower  
  91  9:54  Supply Depot  
  91  9:58  Cloaking Field  
  91  10:00  Banshee  
  91  10:01  Banshee x3  
  91  10:04  Banshee  
  106  10:07  Refinery  
  106  10:17  Supply Depot  
  106  10:18  SCV  
  106  10:19  Refinery  
  107  10:30  SCV  
  107  10:34  Thor  
  114  10:52  Banshee x4  
  114  10:53  Banshee  
  129  10:57  Terran Ship Weapons Level 2  
  129  11:05  Supply Depot  
  129  11:08  Supply Depot  
  129  11:11  SCV  
  130  11:24  SCV  
  131  11:35  Banshee  
  131  11:36  SCV  
  135  11:42  Orbital Command  
  135  11:45  Supply Depot  
  135  11:48  SCV  
  136  12:00  SCV  
  128  12:15  Viking x3  
  127  12:16  Viking  
  127  12:18  Viking  
  127  12:21  Weapon Refit  
  129  12:45  Viking x2  
  127  13:11  Viking  
  127  13:12  Battlecruiser x2  
  135  13:15  Battlecruiser x2, Thor  
  153  13:35  Terran Ship Weapons Level 3  
  153  13:41  Battlecruiser  
  159  14:02  Command Center  
  137  14:34  Battlecruiser x2  
  137  14:35  Battlecruiser  
  137  14:37  SCV  
  156  14:49  SCV  
  157  15:01  SCV  
  158  15:13  SCV  
  159  15:25  SCV  
  160  15:37  SCV  
  141  16:01  Battlecruiser  
  141  16:02  Battlecruiser x3  
  139  16:46  Battlecruiser  
Show
View Real Time Build Order
Export as new Build Order

BigBearHBz Zerg 

Build Orders: Pool First 

Get SALT Encoding   

  12  0:04  Drone  
  13  0:24  Drone  
  13  0:25  Overlord x2  
  14  0:48  Spawning Pool  
  13  1:09  Drone x3  
  16  1:27  Drone  
  16  1:30  Extractor  
  16  1:35  Drone  
  17  1:58  Drone x2  
  19  2:04  Extractor  
  19  2:05  Drone  
  19  2:11  Queen  
  21  2:18  Evolution Chamber  
  20  2:24  Evolution Chamber  
  20  2:26  Drone x2  
  21  2:43  Drone  
  22  2:48  Lair  
  22  3:00  Drone x2  
  22  3:03  Zerg Missile Weapons Level 1  
  24  3:13  Drone  
  25  3:26  Overlord x4  
  25  3:40  Drone  
  26  3:50  Hydralisk Den  
  26  3:51  Drone  
  26  3:58  Burrow  
  26  3:59  Infestation Pit  
  25  4:17  Drone, Hatchery  
  25  4:18  Drone x2  
  25  5:19  Hydralisk  
  25  5:20  Hydralisk x2  
  31  5:38  Hydralisk  
  33  5:45  Swarm Host  
  42  6:05  Drone x2  
  44  6:28  Spore Crawler  
  44  6:32  Spore Crawler  
  57  7:29  Hatchery  
  56  7:34  Hatchery  
  55  8:17  Hydralisk  
  55  8:18  Hydralisk x2  
  61  8:20  Overlord x3  
  61  8:25  Zerg Missile Weapons Level 2  
  61  8:27  Zerg Ground Armor Level 1  
  61  9:03  Drone x2  
  61  9:05  Drone  
  61  9:07  Hydralisk x4  
  72  9:12  Hydralisk  
  74  9:28  Drone x2  
  74  9:29  Drone  
  77  9:32  Drone  
  77  9:33  Drone  
  79  9:43  Hydralisk x3  
  85  10:02  Extractor  
  85  10:05  Extractor  
  85  10:06  Drone x3  
  86  10:09  Drone x3  
  86  10:12  Extractor  
  88  10:17  Extractor  
  87  10:40  Drone x3  
  90  10:48  Muscular Augments  
  90  10:56  Hydralisk x4  
  96  10:59  Overlord x2  
  98  11:08  Overlord x2  
  98  11:30  Zerg Ground Armor Level 2  
  98  11:37  Hydralisk x5  
  98  11:38  Hydralisk  
  110  11:46  Drone  
  110  11:47  Drone x2  
  113  11:50  Drone x3  
  116  11:59  Grooved Spines  
  101  13:25  Hydralisk x3  
  101  13:26  Hydralisk x2  
  111  13:33  Drone x3  
  114  13:37  Drone x2  
  114  13:38  Drone  
  114  13:41  Hive  
  117  14:46  Hydralisk x5  
  117  14:47  Hydralisk  
  85  16:31  Hydralisk x2  
  85  16:32  Hydralisk x3  
  61  17:33  Hydralisk x3  
  67  17:40  Spore Crawler x2  
  67  17:42  Spore Crawler  
  64  17:48  Spore Crawler  
  64  17:49  Spore Crawler  
  64  17:50  Spore Crawler  
Show
View Real Time Build Order
Export as new Build Order

Infamous Protoss 

Build Orders:  

Get SALT Encoding   

  12  0:02  Probe  
  13  0:17  Pylon  
  13  0:19  Probe  
  14  0:32  Probe (Chrono Boost)  
  15  0:37  Gateway  
  15  0:44  Probe (Chrono Boost)  
  15  0:48  Assimilator  
  16  0:51  Probe (Chrono Boost)  
  17  1:00  Probe  
  18  1:05  Pylon  
  18  1:15  Probe  
  19  1:20  Pylon  
  19  1:26  Cybernetics Core  
  19  1:28  Probe  
  20  1:33  Zealot  
  22  1:42  Probe  
  22  1:47  Assimilator  
  23  1:57  Warp Gate (Chrono Boost)  
  23  2:10  Probe  
  24  2:21  Shield Battery  
  24  2:23  Probe  
  24  2:27  Sentry  
  27  2:36  Probe  
  28  2:48  Probe  
  29  2:52  Robotics Facility  
  29  2:57  Stalker  
  31  3:01  Probe  
  32  3:13  Pylon  
  32  3:31  Probe  
  33  3:47  Observer  
  34  3:55  Gateway  
  34  4:02  Gateway  
  34  4:04  Probe, Gateway  
  35  4:16  Immortal (Chrono Boost)  
  39  4:26  Probe  
  40  4:44  Probe  
  40  4:45  Pylon  
  41  4:48  Shield Battery  
  41  4:53  Pylon  
  41  4:58  Forge  
  40  5:01  Forge  
  44  5:07  Immortal  
  44  5:41  Shield Battery  
  44  5:52  Immortal  
  48  6:06  Adept x4  
  48  6:09  Probe  
  57  6:17  Protoss Ground Weapons Level 1 (Chrono Boost)  
  57  6:18  Pylon  
  57  6:21  Robotics Bay  
  57  6:27  Protoss Ground Armor Level 1 (Chrono Boost)  
  57  6:44  Probe  
  58  6:56  Twilight Council  
  58  6:57  Pylon  
  58  7:04  Gateway  
  58  7:08  Gateway  
  58  7:10  Extended Thermal Lance  
  58  7:14  Colossus  
  64  7:29  Stalker  
  66  7:30  Stalker x3  
  72  7:52  Probe  
  73  8:02  Robotics Facility  
  73  8:05  Zealot  
  73  8:06  Zealot  
  77  9:03  Probe  
  77  9:08  Nexus  
  78  9:10  Pylon  
  78  9:12  Pylon  
  78  9:25  Colossus (Chrono Boost)  
  84  9:38  Templar Archives  
  84  9:47  Protoss Ground Armor Level 2 (Chrono Boost)  
  84  10:06  Zealot  
  84  10:07  Zealot x2  
  90  10:17  Protoss Ground Weapons Level 2 (Chrono Boost)  
  90  10:40  Probe  
  91  10:58  Probe  
  91  11:02  Assimilator  
  92  11:04  Psionic Storm  
  92  11:06  Assimilator  
  92  11:10  Probe  
  93  11:25  Sentry  
  95  11:42  Probe (Chrono Boost)  
  96  11:49  Charge (Chrono Boost)  
  96  12:07  Observer  
  97  12:11  High Templar  
  99  12:31  Protoss Ground Weapons Level 3 (Chrono Boost)  
  99  12:40  Probe x2  
  101  12:56  High Templar  
  103  13:20  Blink (Chrono Boost)  
  103  13:27  Sentry x3  
  109  13:40  Pylon x2  
  109  13:44  Gateway x2  
  109  13:45  Probe  
  109  13:46  Gateway  
  110  14:11  Stalker  
  110  14:12  Stalker x3  
  110  14:13  Stalker x2  
  122  14:41  Observer Gravitic Boosters  
  122  14:51  Archon  
  122  14:55  High Templar  
  124  15:04  Zealot  
  126  15:25  Pylon  
  126  15:26  Pylon  
  126  15:28  Pylon  
  126  15:42  Colossus  
  126  15:44  Colossus (Chrono Boost)  
Show
View Real Time Build Order
Export as new Build Order

PauloCS Protoss 

Build Orders:  

Get SALT Encoding   

  12  0:13  Pylon  
  12  0:21  Assimilator  
  12  0:33  Gateway  
  12  0:38  Probe (Chrono Boost)  
  13  0:49  Probe (Chrono Boost)  
  14  0:53  Probe (Chrono Boost)  
  15  1:04  Probe (Chrono Boost)  
  16  1:16  Probe (Chrono Boost)  
  17  1:20  Probe (Chrono Boost)  
  17  1:23  Cybernetics Core  
  18  1:29  Assimilator  
  18  1:36  Pylon  
  18  1:46  Probe  
  19  1:58  Probe  
  20  2:06  Stargate  
  20  2:10  Probe  
  21  2:21  Stargate  
  21  2:22  Probe  
  26  2:59  Void Ray (Chrono Boost)  
  26  3:09  Void Ray (Chrono Boost)  
  30  3:19  Pylon  
  30  3:24  Pylon  
  34  3:50  Void Ray (Chrono Boost)  
  34  5:06  Void Ray x2  
  42  5:49  Void Ray  
  46  6:18  Nexus  
  46  6:20  Stargate  
  46  6:32  Nexus  
  46  6:41  Assimilator  
  46  6:45  Assimilator  
  46  6:50  Assimilator  
  46  6:54  Pylon  
  46  6:58  Pylon, Assimilator  
  46  7:04  Pylon  
  46  7:09  Fleet Beacon  
  46  7:12  Void Ray x2  
  54  7:30  Probe (Chrono Boost)  
  55  7:41  Probe (Chrono Boost)  
  55  7:43  Probe (Chrono Boost)  
  57  7:46  Probe x2 (Chrono Boost)  
  59  7:51  Probe  
  59  7:56  Probe  
  59  7:57  Probe  
  62  8:03  Probe  
  63  8:09  Probe x2  
  65  8:15  Probe  
  66  8:21  Probe  
  66  8:23  Pylon  
  66  8:24  Probe  
  68  8:28  Probe  
  68  8:33  Probe  
  70  8:37  Probe  
  70  8:40  Probe  
  72  8:49  Cybernetics Core  
  72  8:51  Forge  
  72  8:52  Probe  
  73  9:02  Stargate  
  73  9:04  Carrier  
  79  9:18  Protoss Shields Level 1  
  79  9:21  Protoss Air Weapons Level 1 (Chrono Boost)  
  79  9:24  Twilight Council  
  79  9:25  Photon Cannon  
  79  9:32  Probe  
  79  9:35  Probe  
  81  9:48  Pylon  
  81  9:52  Pylon  
  81  9:56  Pylon  
  81  10:03  Carrier (Chrono Boost)  
  87  10:30  Stargate  
  87  10:33  Graviton Catapult  
  87  10:39  Resonating Glaives  
  87  10:40  Protoss Air Armor Level 1 (Chrono Boost)  
  93  11:00  Carrier (Chrono Boost)  
  93  11:09  Carrier (Chrono Boost)  
  99  11:14  Protoss Air Weapons Level 2 (Chrono Boost)  
  99  11:21  Probe  
  99  11:23  Probe  
  101  11:37  Protoss Shields Level 2  
  101  12:14  Carrier  
  107  12:22  Carrier  
  107  12:23  Carrier  
  119  13:12  Carrier  
  125  13:13  Carrier  
  125  13:19  Robotics Facility  
  131  13:24  Photon Cannon  
  131  13:32  Stargate  
  131  13:35  Pylon  
  131  13:38  Photon Cannon  
  131  13:53  Pylon  
  131  13:59  Pylon  
  131  14:03  Pylon  
  131  14:06  Pylon  
  131  14:07  Carrier  
  137  14:11  Pylon  
  137  14:12  Protoss Air Weapons Level 3  
  137  14:16  Pylon  
  137  14:19  Pylon  
  137  14:20  Protoss Air Armor Level 2  
  137  14:45  Observer  
  138  14:47  Carrier  
  144  15:06  Observer  
  145  15:17  Carrier  
  145  15:19  Carrier  
  145  15:20  Carrier  
Show
View Real Time Build Order
Export as new Build Order

Berserk Terran 

Build Orders: Command Center First (CC) 

Get SALT Encoding   

  12  0:02  SCV  
  13  0:14  SCV  
  13  0:21  Supply Depot  
  14  0:26  SCV  
  16  0:42  SCV  
  16  0:55  SCV  
  17  1:09  Command Center, SCV  
  18  1:19  Refinery  
  18  1:21  SCV  
  19  1:33  SCV  
  20  1:44  Refinery  
  20  1:45  SCV  
  21  1:58  SCV  
  22  2:05  Supply Depot  
  22  2:09  Barracks  
  22  2:15  SCV  
  22  2:17  Refinery  
  22  2:22  SCV  
  24  2:28  SCV  
  25  2:34  SCV  
  26  2:40  SCV  
  26  2:43  Refinery  
  27  2:46  SCV  
  28  2:52  SCV  
  30  2:58  SCV  
  30  3:04  SCV  
  31  3:10  SCV  
  32  3:16  SCV  
  33  3:22  SCV  
  33  3:26  Factory  
  34  3:28  SCV  
  34  3:33  Engineering Bay  
  35  3:34  SCV  
  35  3:40  SCV  
  37  3:46  SCV  
  38  3:50  Marine  
  38  3:52  SCV  
  40  3:59  SCV  
  41  4:04  SCV  
  41  4:05  Building Armor  
  41  4:08  Marine  
  43  4:10  Cyclone  
  46  4:18  Supply Depot  
  46  4:19  SCV x2  
  43  4:25  Marine  
  42  4:31  SCV  
  43  4:43  Marine, SCV  
  43  4:55  SCV  
  44  5:01  Marine  
  45  5:10  SCV  
  45  5:12  SCV  
  47  5:15  Factory Reactor  
  47  5:22  SCV  
  47  5:24  Supply Depot  
  47  5:25  SCV  
  49  5:34  SCV, Armory  
  50  5:37  SCV  
  51  5:43  Starport  
  51  5:46  Supply Depot, SCV  
  51  5:49  SCV  
  53  5:58  SCV  
  53  6:01  SCV  
  55  6:08  Supply Depot  
  55  6:10  SCV  
  56  6:11  Refinery  
  56  6:13  SCV  
  57  6:21  Starport  
  57  6:22  SCV  
  57  6:25  SCV  
  59  6:29  Starport Tech Lab  
  62  6:32  Cyclone  
  62  6:33  Cyclone  
  62  6:34  SCV  
  62  6:37  SCV, Refinery  
  67  6:42  Terran Vehicle Weapons Level 1  
  67  6:46  SCV  
  68  6:49  SCV  
  71  6:58  SCV  
  71  6:59  Starport  
  72  7:01  SCV  
  72  7:03  Viking  
  72  7:08  Starport Reactor  
  73  7:11  SCV  
  73  7:13  SCV  
  73  7:15  Cloaking Field  
  75  7:33  Viking  
  77  7:38  Starport  
  77  7:41  Starport Tech Lab  
  77  7:57  Supply Depot  
  77  8:14  Starport Tech Lab  
  77  8:18  Viking x3  
  77  8:19  Supply Depot  
  83  8:27  Fusion Core  
  83  8:36  Terran Vehicle And Ship Armor Level 1  
  83  8:41  Supply Depot  
  83  8:48  Viking x2  
  87  8:56  Raven  
  89  9:04  Supply Depot  
  89  9:05  Command Center  
  89  9:15  Weapon Refit  
  89  9:18  Viking x2  
  89  9:24  Orbital Command  
  93  9:27  Supply Depot, Orbital Command  
  93  9:38  Viking  
  93  9:39  Viking x2  
  99  10:08  Viking x2  
  99  10:09  Viking  
  105  10:21  Refinery  
  105  10:30  Terran Vehicle Weapons Level 2  
  105  10:31  SCV  
  106  10:38  Banshee x2  
  106  10:39  Viking  
  106  10:40  SCV  
  115  10:43  SCV  
  115  10:45  SCV  
  115  10:47  Refinery  
  117  10:52  SCV  
  117  10:55  SCV  
  117  10:56  Cyclone x2  
  125  10:57  SCV  
  126  11:04  SCV  
  126  11:07  SCV  
  126  11:09  SCV, Viking  
  131  11:16  SCV  
  132  11:19  SCV  
  133  11:57  Supply Depot  
  133  12:08  Supply Depot  
  133  12:18  SCV x3, Banshee  
  133  12:20  Supply Depot  
  139  12:29  Banshee  
  139  12:30  Supply Depot, SCV, Cyclone x2  
  139  12:31  SCV  
  139  12:33  SCV  
  139  12:35  Banshee  
  148  12:42  Supply Depot, SCV  
  148  12:44  SCV  
  144  12:45  Terran Vehicle And Ship Armor Level 2  
  143  12:53  Supply Depot  
  143  12:55  SCV  
  143  12:56  SCV  
  145  13:01  Banshee  
  145  13:02  Cyclone x2  
  145  13:05  Supply Depot  
  154  13:08  SCV  
  154  13:12  Banshee  
  155  13:13  SCV  
  155  13:17  Supply Depot  
  155  13:18  Banshee  
  162  13:25  SCV  
  163  13:27  Supply Depot  
  163  13:32  Missile Turret  
  163  13:34  Cyclone x2  
  163  13:37  SCV  
  170  13:44  Banshee  
  170  13:48  Missile Turret  
  173  13:49  SCV  
  173  13:50  Supply Depot  
  173  13:51  Missile Turret  
  174  13:59  Missile Turret  
  174  14:01  SCV  
  175  14:06  Cyclone x2  
  181  14:12  Supply Depot  
  181  14:25  Missile Turret  
  181  14:36  Supply Depot  
  181  14:38  Missile Turret, Cyclone x2  
  181  14:45  Missile Turret  
  187  14:57  Missile Turret  
  187  14:58  Supply Depot  
  187  15:04  Missile Turret  
  187  15:19  Missile Turret  
  187  15:20  Supply Depot  
  170  15:43  Supply Depot  
  88  16:07  Cyclone x2  
  94  16:22  Viking x5  
  94  16:23  Factory  
  104  16:39  Cyclone x2  
  110  16:52  Viking x5  
  120  17:07  Factory Tech Lab  
  120  17:11  Cyclone x2  
  126  17:22  Viking x5  
  136  17:41  Cyclone  
  136  17:43  Cyclone x2  
  155  18:08  Command Center  
  155  18:16  Refinery  
Show
View Real Time Build Order
Export as new Build Order

fatiador Zerg 

Build Orders: Pool First 

Get SALT Encoding   

  12  0:17  Drone x2  
  14  0:30  Spawning Pool  
  14  0:34  Extractor  
  14  0:35  Drone  
  13  0:40  Drone  
  14  0:50  Overlord  
  14  1:01  Overlord  
  14  1:09  Drone  
  15  1:16  Drone  
  16  1:21  Queen  
  18  1:49  Zergling x2  
  18  1:50  Zergling x4  
  21  2:02  Evolution Chamber  
  21  2:07  Lair  
  20  2:28  Extractor  
  20  2:29  Drone x3  
  22  2:46  Hatchery  
  21  3:10  Drone x2  
  23  3:26  Spire  
  22  3:35  Infestation Pit  
  22  3:39  Drone  
  22  3:41  Drone  
  23  3:56  Zergling x8  
  27  4:04  Spine Crawler  
  25  4:32  Drone  
  25  4:33  Spine Crawler  
  25  4:34  Drone  
  23  4:44  Mutalisk x2  
  27  4:52  Drone x2  
  29  5:15  Hive  
  29  5:18  Drone x2  
  31  5:22  Drone  
  32  5:47  Queen  
  32  5:48  Drone x2  
  36  6:16  Overlord x3  
  36  6:27  Greater Spire  
  36  7:01  Drone x3  
  39  7:06  Extractor  
  38  7:10  Extractor  
  38  7:15  Drone x3  
  40  7:23  Corruptor x7  
  54  8:01  Zerg Flyer Weapons Level 1  
  54  8:04  Brood Lord  
  56  8:19  Drone x4  
  60  8:25  Overlord x4  
  60  8:26  Overlord x2  
  60  9:03  Drone x3  
  63  9:13  Brood Lord x4  
  71  9:30  Corruptor x2  
  75  9:54  Corruptor  
  75  9:55  Zerg Flyer Armor Level 1, Corruptor  
  75  9:56  Corruptor  
  81  10:42  Hatchery  
  80  10:58  Corruptor  
  80  10:59  Corruptor x4  
  90  11:28  Overlord x2  
  90  11:29  Overlord x4  
  90  11:48  Zerg Flyer Weapons Level 2  
  90  12:09  Spore Crawler  
  90  12:12  Overseer  
  50  13:17  Brood Lord x4  
  58  13:24  Drone x3  
  58  13:25  Queen  
  63  13:32  Drone x4  
  63  13:33  Drone x4  
  71  13:46  Spore Crawler  
  71  13:47  Drone  
  71  13:48  Drone  
  71  14:04  Zerg Flyer Armor Level 2  
  71  14:38  Drone x3  
  54  16:24  Corruptor  
  54  16:25  Corruptor x7  
  60  16:26  Corruptor x6  
  60  16:27  Corruptor x2  
  86  16:38  Drone x2  
  88  16:52  Extractor  
  88  16:53  Drone x4  
  88  16:54  Drone x5  
  94  16:55  Extractor  
  95  17:15  Brood Lord x3  
Show
View Real Time Build Order
Export as new Build Order

dgman Terran 

Build Orders:  

Get SALT Encoding   

  12  0:35  Supply Depot  
  12  0:39  Supply Depot  
  12  0:42  SCV  
  13  0:44  Supply Depot  
  13  0:47  Supply Depot  
  13  0:54  SCV  
  14  1:06  SCV  
  14  1:10  Supply Depot  
  15  1:20  SCV  
  16  1:32  SCV  
  17  1:40  Barracks  
  17  1:45  Supply Depot  
  17  1:53  Refinery  
  17  2:01  SCV  
  18  2:04  Engineering Bay  
  18  2:44  Refinery  
  18  3:06  Bunker  
  18  3:10  Neosteel Frame  
  18  3:22  Missile Turret  
  18  3:23  Missile Turret  
  18  3:28  Marine  
  18  3:33  Missile Turret  
  19  3:46  Marine  
  13  4:04  Marine  
  10  4:22  Marine  
  11  4:40  Marine  
  12  5:07  Command Center  
  12  6:09  SCV  
  13  6:21  SCV  
  14  6:32  Factory  
  14  6:39  Missile Turret  
  14  6:53  SCV  
  15  7:05  SCV  
  16  7:32  Planetary Fortress  
  17  7:37  SCV  
  17  7:43  Refinery  
  17  7:49  SCV  
  18  8:00  Refinery  
  18  8:01  SCV  
  18  8:03  Marine  
  20  8:13  Factory Reactor, SCV  
  21  8:20  SCV  
  21  8:21  Marine  
  21  8:25  SCV  
  24  8:32  SCV  
  25  8:37  SCV  
  25  8:38  Marine  
  27  8:49  SCV  
  27  8:53  Missile Turret  
  28  8:56  Marine  
  28  9:01  SCV  
  30  9:05  Missile Turret  
  30  9:13  SCV  
  31  9:19  Bunker  
  31  9:26  SCV  
  32  9:33  Missile Turret  
  32  9:37  Missile Turret  
  32  9:45  Starport, SCV  
  33  9:57  SCV  
  34  10:09  SCV  
  35  10:28  Starport  
  35  10:37  Missile Turret  
  35  11:00  Supply Depot  
  35  11:04  Supply Depot  
  35  11:05  Missile Turret  
  35  11:10  Starport Reactor  
  35  11:11  Viking x2  
  39  11:18  SCV  
  40  11:30  SCV  
  41  11:33  Missile Turret  
  41  11:34  Missile Turret  
  41  11:40  Missile Turret  
  41  11:41  Viking x2  
  41  11:42  SCV  
  46  11:49  Viking  
  48  11:55  SCV  
  49  12:11  Viking  
  51  12:24  Missile Turret  
  51  12:25  Missile Turret  
  51  12:27  Viking x3  
  53  12:41  Viking  
  55  12:57  Viking x3  
  61  13:11  Viking  
  63  13:25  Missile Turret  
  63  13:26  Missile Turret  
  63  13:35  Supply Depot  
  63  13:39  Supply Depot  
  63  13:40  Viking x2  
  67  13:57  Missile Turret  
  67  14:09  Missile Turret  
  66  14:30  Planetary Fortress  
  66  14:49  Viking x4  
  73  15:18  Viking  
  73  15:19  Viking x3  
  81  15:44  SCV  
  81  15:48  Viking  
  81  15:49  Viking  
  86  15:56  SCV  
  87  16:08  SCV  
  88  16:14  Viking x2  
  92  16:18  Viking  
  92  16:20  SCV  
  92  16:25  Viking  
  97  16:32  SCV  
  98  16:44  SCV, Viking x2  
  103  16:48  Sensor Tower, Viking  
  105  16:55  Viking  
  105  16:56  Missile Turret  
  63  17:14  Viking x2  
  63  17:18  Viking  
  61  17:25  Viking  
  61  17:44  Viking x2  
  61  17:45  Missile Turret  
Tags
 
Add a new tag
Caveats
  • Supply blocks, unpowered buildings, or Contaminate may cause inaccurate times.
  • Supply counts are checked every 10 seconds.